werteg, chaotic male elven Wizard ---- ------ ---- --..| --- |....---..-----------...---- ---.-- |..........................| --...>-- --- --.---.....-----------..F..---......| ..--- --- |...--- |........^......-- .... --.-- --.......`.......-- ... --- ----- |-..........f....-- --.. ---- --...| |........f........--- |..- |.<| |....---.....---...........---..| --.-| --..........--- |................--- ---- |...-- --..........-- --...%..............| |..| ---...-- --...........| ---...................| |..| ----......| |...---.....-- |.......-..........---- ---..| |....--..-- --..| ---...| |.............%....------|....|---....|---- ---- --.-- --..................|...--.--.||......-- --- ----........^.............|-.--.......| --....^............----|.....|.....| --.----......|..^.| |...----....| --- ----.--|..--- |...| ------ --- ---- ----- werteg the Conjurer Experience level: 4 Strength: 12 Dexterity: 15 Constitution: 12 Intelligence: 16 Wisdom: 10 Charisma: 11 Health: 0(20) Energy: 44(50) Def: 1 Gold: 316 Moves: 1739 Dungeon seed: eMzYlZexh-YBljSD Game ID: werteg_1443267556 Your Inventory: Coins $ - 316 gold pieces Weapons a - a blessed +1 quarterstaff (weapon in hands) s - 6 cursed -1 darts t - a +1 flail E - 3 blessed +2 daggers I - a +0 crossbow (alternate weapon; not wielded) J - 13 +1 crossbow bolts (in quiver) L - 12 +0 darts Q - 8 +0 arrows R - a +0 bow Armor e - an uncursed +0 cloak of magic resistance (being worn) M - an uncursed +0 dwarvish cloak O - an uncursed +0 pair of iron shoes Comestibles F - an uncursed partly eaten food ration P - an uncursed lembas wafer Scrolls i - 2 uncursed scrolls of identify j - an uncursed scroll of enchant armor w - a blessed scroll of magic mapping x - an uncursed scroll of confuse monster z - an uncursed scroll of food detection H - an uncursed scroll of teleportation Spellbooks k - a blessed spellbook of force bolt l - an uncursed spellbook of create monster v - an uncursed spellbook of force bolt Potions f - an uncursed potion of oil g - an uncursed potion of blindness h - an uncursed potion of water p - an uncursed potion of sleeping D - an uncursed potion of invisibility Rings c - an uncursed ring of poison resistance (on right hand) d - an uncursed ring of invisibility (on left hand) q - an uncursed -2 ring of adornment Wands b - a wand of secret door detection (0:15) B - a wand of striking (0:6) Tools m - an uncursed blindfold n - an uncursed wooden flute o - a bag of tricks (0:0) r - an uncursed tin whistle K - 5 uncursed wax candles (0:400) S - an uncursed tin whistle T - a cursed wax candle (0:400) Gems y - an uncursed worthless piece of yellow glass C - an uncursed jasper stone G - an uncursed worthless piece of violet glass N - an uncursed worthless piece of black glass Y - 2 uncursed amethyst stones Spells and supernatural/magical abilities: Name Level Category Fail Memory a - force bolt 1 attack 0% 92% O - create monster 2 clerical 67% 92% W - pray for help -- divine ? -- Your skills at the end: Fighting Skills Weapon Skills quarterstaff [Basic] Spellcasting Skills attack spells [Basic] enchantment spells [Basic] Final Attributes: You were piously aligned. You were sleep resistant. You were poison resistant. You were magic-protected. You had infravision. You were invisible. You are dead. Vanquished creatures: a dwarf lord a shrieker 2 gnome lords 2 acid blobs a giant rat a yellow mold 6 gnomes a gecko 3 jackals a kobold 4 goblins a sewer rat 5 grid bugs 3 lichens a newt 33 creatures vanquished. Voluntary challenges: You followed a strict vegan diet. You used a wielded weapon 29 times, starting on turn 29. You were illiterate. You never genocided any monsters. You never polymorphed an object. You never changed form. You used no wishes. You never split a pudding. You never wrote Elbereth's name. You never violated your personal moral code. Dungeon overview: The Dungeons of Doom: levels 1 to 4 Level 1 a sink a long staircase Level 2 Level 3 Level 4 stairs to The Gnomish Mines The Gnomish Mines: Level 5 <- You were here stairs to The Dungeons of Doom History has recorded: On T:1 you entered the Dungeons of Doom to retrieve the Amulet of Yendor! On T:224 you reached level 2 of The Dungeons of Doom. On T:399 you advanced to experience level 2. On T:619 you reached level 3 of The Dungeons of Doom. On T:1150 you reached level 4 of The Dungeons of Doom. On T:1415 you advanced to experience level 3. On T:1464 you reached level 1 of The Gnomish Mines. On T:1528 you advanced to experience level 4. Score breakdown: Gold: 316 ( 8507 points) Experience: 4 levels ( 9649 points) Exploration: 5 levels ( 10.00%) ( 8571 points) Discoveries: 2 items ( 0.72%) ( 2544 points) Valuables value: (no points given unless you survive) Artifact value: 0 ( 0 points) Variety of kills: 15 monsters ( 3.94%) ( 5952 points) Turncount: 1739 turns ( 0 points) Survival: died (score multiplied by 80%) Total score: 28178 Latest messages: The kitten bites! You die... Final status: Goodbye werteg the Wizard, killed by a kitten... You died in The Gnomish Mines on dungeon level 5 with 28178 points, and 316 pieces of gold, after 1739 moves. You were level 4 with a maximum of 20 hit points when you died.